 Dungeon Crawl Stone Soup version 0.21.1-1-g345015fe64 (webtiles) character file.

60 Ivernyr the Charmwright (level 4, 0/33 HPs)
             Began as a Human Skald on May 14, 2018.
             Succumbed to a worker ant's poison
             ... on level 2 of the Dungeon.
             The game lasted 00:05:06 (1219 turns).

Ivernyr the Charmwright (Human Skald)               Turns: 1219, Time: 00:05:06

Health: 0/33       AC:  3    Str: 11    XL:     4   Next: 24%
Magic:  4/7        EV: 12    Int: 13    God:
Gold:   110        SH:  0    Dex: 14    Spells: 2/7 levels left

rFire    + . .     SeeInvis .   a - +0 spear
rCold    + . .     Gourm    .   (no shield)
rNeg     . . .     Faith    .   b - +0 leather armour
rPois    +         Spirit   .   (no helmet)
rElec    +         Reflect  .   (no cloak)
rCorr    +         Harm     .   (no gloves)
MR       .....                  (no boots)
Stlth    +.........             (no amulet)
HPRegen  0.11/turn              g - ring of flight
MPRegen  0.10/turn              l - ring of poison resistance

@: lethally poisoned (0 -> -13), resistant, flying, very slightly contaminated,
invisible
A: no striking features
a: no special abilities


You were on level 2 of the Dungeon.
You were not hungry.

You visited 1 branch of the dungeon, and saw 2 of its levels.

You collected 110 gold pieces.

Inventory:

Hand Weapons
 a - a +0 spear (weapon)
Armour
 b - a +0 leather armour (worn)
Jewellery
 g - a ring of flight (left hand)
 l - a ring of poison resistance (right hand)
Scrolls
 f - 2 scrolls of fear {unknown}
 h - a scroll of teleportation {unknown}
 j - a scroll of amnesia {unknown}
Potions
 e - a potion of invisibility
 k - a potion of agility {unknown}
 m - a potion of cancellation {unknown}
 n - a potion of resistance
Books
 c - a book of Battle

   Spells                             Type                      Level
   a - Infusion                       Charms                       1
   b - Shroud of Golubria             Charms/Translocation         2
   c - Song of Slaying                Charms                       2
   d - Spectral Weapon                Hexes/Charms                 3
   e - Regeneration                   Charms/Necromancy            3
Comestibles
 d - 5 rations


   Skills:
 - Level 2.0 Fighting
 + Level 2.6 Polearms
 + Level 2.0 Armour
 - Level 2.0 Dodging
 - Level 2.0 Spellcasting
 * Level 4.0 Charms


You had 2 spell levels left.
You knew the following spells:

 Your Spells              Type           Power        Failure   Level  Hunger
a - Shroud of Golubria    Chrm/Tloc      #.........   22%         2    ###....
b - Song of Slaying       Chrm           ##......     10%         2    ###....
c - Infusion              Chrm           ##..         6%          1    ##.....


Dungeon Overview and Level Annotations

Branches:
Dungeon (2/15)

Altars:
Ru
The Shining One


Message History

* * * LOW HITPOINT WARNING * * *
Unknown command.
You hit the worker ant but do no damage.
The worker ant is moderately wounded.
The worker ant bites you.
* * * LOW HITPOINT WARNING * * *
You are more poisoned.
The worker ant poisons you!
It was a potion of invisibility.
You fade into invisibility!
* * * LOW HITPOINT WARNING * * *
You feel sick. The worker ant misses you. The worker ant closely misses you.
It was a potion of resistance.
You feel protected.
* * * LOW HITPOINT WARNING * * *
You feel sick. The worker ant closely misses you.
It was a potion of flight.
You feel very buoyant.
You fly up into the air.
You die...

##############
(...........(###########
........................
######.#############.##
#.#...........#.#.
#.#.####.####.#.#. #.#
#.#....#.# #@#
#.#.####.##
#....a......#.#........
#############.#########
.................
##########......#
######.. ##. #. ##


You could see a worker ant.

Vanquished Creatures
  An adder (D:2)
  2 oozes (D:1)
  A dart slug (D:1)
  2 leopard geckos (D:1)
  2 ball pythons (D:1)
  4 giant cockroaches
  5 goblins (D:1)
  4 hobgoblins
  5 kobolds
  4 bats
  3 frilled lizards (D:1)
  6 rats
39 creatures vanquished.

Notes
Turn   | Place    | Note
-------+----------+-------------------------------------------
     0 | D:1      | Ivernyr the Human Skald began the quest for the Orb.
     0 | D:1      | Reached XP level 1. HP: 16/16 MP: 3/3
   185 | D:1      | Reached XP level 2. HP: 22/22 MP: 5/5
   222 | D:1      | Learned a level 2 spell: Song of Slaying
   225 | D:1      | Learned a level 2 spell: Shroud of Golubria
   300 | D:1      | Reached XP level 3. HP: 17/27 MP: 6/6
   759 | D:2      | Found a sacrificial altar of Ru.
   761 | D:2      | Found a glowing golden altar of the Shining One.
   816 | D:2      | Reached XP level 4. HP: 23/33 MP: 3/7
   966 | D:2      | Reached skill level 4 in Charms
  1218 | D:2      | HP: 1/33 [poisoned by a worker ant]
  1219 | D:2      | Succumbed to a worker ant's poison

Skill      XL: |  1  2  3  4 |
---------------+-------------+-----
Armour         | 2 |  2.0
Charms         | 4 |  4.0
Fighting       | |  2.0
Polearms       | |  2.6
Dodging        | |  2.0
Spellcasting   | |  2.0

Action                   |  1- 3 |  4- 6 || total
-------------------------+-------+-------++-------
Melee: Spear             |   127 |    21 ||   148
 Cast: Shroud of Golubri |     2 |     1 ||     3
  Use: Potion            |       |     3 ||     3
  Eat: Chunk             |       |     1 ||     1
Armor: Leather armour    |    21 |     4 ||    25
Dodge: Dodged            |    69 |    11 ||    80
